AoeStats
← ddk

Arabia

510112505Analyzed
1v1 RM · 1d ago on Sep 29, 2026· 54m 30s· 2 players
Game mode
Random Map
Map size
Tiny (2 player)
Population
200
Speed
Normal
Resources
Standard
Victory
Conquest
Starting age
Dark Age
Ending age
Imperial Age
RankedLock teamsTeams togetherTeam positionsShared explorationLock speedFull tech treeHidden civsTurbo modeCheats
Victory
Defeat
🇸🇰 Berbers · Slovakia
1013
+17
🇫🇷 Burgundians · France
1041
-17
ddk
4:56 Loom
10:04 Feudal Age
10:43 Double-Bit Axe
10:41 Horse Collar
16:34 Bloodlines
20:40 Castle Age
20:08 Gold Mining
20:40 Scale Barding Armor
22:33 Chain Barding Armor
22:33 Bow Saw
23:38 Husbandry
25:30 Forging
26:59 Gold Shaft Mining
27:37 Stone Mining
28:27 Iron Casting
28:12 Fervor
32:08 Fletching
32:29 Devotion
35:09 Light Cavalry
38:37 Imperial Age
36:43 Wheelbarrow
35:54 Town Watch
36:01 Light Cavalry
38:00 Bow Saw
39:08 Hand Cart
38:41 Town Watch
39:35 Stone Shaft Mining
39:00 Bodkin Arrow
39:05 Padded Archer Armor
39:42 Conscription
40:25 Faith
40:56 Ballistics
40:53 Masonry
41:46 Chemistry
40:59 Masonry
40:50 Elite Camel Archer
42:04 Thumb Ring
41:45 Treadmill Crane
42:39 Kasbah
43:10 Bracer
43:26 Leather Archer Armor
43:55 Siege Engineers
44:05 Hussar
46:36 Ring Archer Armor
46:42 Plate Barding Armor
47:44 Town Patrol
48:49 Blast Furnace
49:08 Murder Holes
49:08 Heavy Camel Rider
55:26 Hoardings
la travailleuse
8:20 Loom
10:44 Feudal Age
10:06 Double-Bit Axe
10:44 Horse Collar
11:36 Man-at-Arms
19:44 Castle Age
18:54 Forging
19:52 Heavy Plow
20:28 Husbandry
21:30 Gold Mining
21:57 Bow Saw
22:16 Scale Barding Armor
26:44 Wheelbarrow
25:58 Town Watch
27:41 Iron Casting
27:28 Chain Barding Armor
29:12 Fervor
29:13 Redemption
31:07 Hand Cart
33:46 Atonement
34:09 Sanctity
33:52 Devotion
33:53 Herbal Medicine
37:35 Imperial Age
35:59 Pikeman
36:46 Squires
36:39 Arson
37:15 Town Patrol
37:56 Halberdier
39:41 Blast Furnace
38:45 Scale Mail Armor
39:19 Faith
39:28 Illumination
39:21 Block Printing
41:19 Chain Mail Armor
45:02 Plate Mail Armor
47:05 Light Cavalry
48:11 Hussar
49:46 Plate Barding Armor
Connection lost

Rejoining the realm…

Still unreachable

The connection could not be restored.

Session expired

The server has moved on; the page needs a fresh start.